 Dungeon Crawl Stone Soup version 0.18.1-1-g2f07953 (webtiles) character file.

6 imoen the Insei (level 1, -2/11 HPs)
             Began as a Vine Stalker Monk on May 6, 2016.
             Slain by an orc
             ... wielding a cursed -1 flail
              (5 damage)
             ... on level 3 of the Dungeon.
             The game lasted 00:00:41 (198 turns).

imoen the Insei (Vine Stalker Monk)                  Turns: 198, Time: 00:00:42

Health: -2/11      AC:  2    Str: 13    XL:     1   Next: 90%
Magic:  0/2        EV: 13    Int: 10    God:
Gold:   52         SH:  0    Dex: 16    Spells: 0 memorised, 0 levels left

rFire  . . .     SeeInvis .       - Unarmed
rCold  . . .     Gourm    .     a - +0 robe
rNeg   . . .     Faith    .     (no shield)
rPois  .         Spirit   +     (no helmet)
rElec  .         Dismiss  .     (no cloak)
rCorr  .         Reflect  .     (no gloves)
SustAt .         Harm     .     (no boots)
MR     .....                    (no amulet)
Stlth  ++........               (no ring)
                                (no ring)

@: not resistant to hostile enchantments, unstealthy
A: fangs 2, regeneration 1, magic shield, antimagic bite, no device heal 3, rot
immunity
a: no special abilities


You were on level 3 of the Dungeon.
You were not hungry.

You visited 1 branch of the dungeon, and saw 3 of its levels.

You collected 52 gold pieces.

Inventory:

Missiles
 e - 16 poisoned needles
Armour
 a - a +0 robe (worn)
Scrolls
 d - a scroll of immolation {unknown}
Potions
 c - a potion of lignification {unknown}
Comestibles
 b - a bread ration


   Skills:
 - Level 2.6 Fighting
 - Level 2.4 Dodging
 - Level 2.4 Stealth
 + Level 4.3 Unarmed Combat


You couldn't memorise any spells.
You didn't know any spells.

Dungeon Overview and Level Annotations

Branches:
Dungeon (3/15)

Altars:


Innate Abilities, Weirdness & Mutations

You have extremely sharp teeth.
Your natural rate of healing is unusually fast.
When hurt, damage is shared between your health and your magic reserves.
Your bite disrupts and absorbs the magic of your enemies.
Potions and wands cannot restore your health.
You are immune to rotting.


Message History

Welcome, imoen the Vine Stalker Monk.
Will you be the one to retrieve the fabulous Orb of Zot from the depths?
You enter the shallow water.
Moving in this stuff is going to be slow.
A rat comes into view.
You see here a fuming black potion.
Unknown command.
c - a fuming black potion Unknown command.
The helpless rat fails to defend itself.
You hit the rat. You hit the rat but do no damage. The rat closely misses you.
You hit the rat.
You kill the rat!
You see here a rat corpse.
You now have 11 gold pieces.
You open the door.
A hobgoblin comes into view.
A goblin comes into view. It is wielding a club.
There is an open door here.
The helpless hobgoblin fails to defend itself.
You hit the hobgoblin. The hobgoblin hits you.
You take 1 damage, and have 10/11 hp.
You hit the hobgoblin.
You kill the hobgoblin!
Health restored: 11 The goblin shouts!
You hit the goblin. The goblin closely misses you.
You punch the goblin!
You kill the goblin!
No target in view!
No target in view!
You now have 23 gold pieces (gained 12).
Things that are here:
a club; a goblin corpse You see here a hobgoblin corpse.
You see here a leather armour.
There is an escape hatch in the floor here.
d - a scroll labeled HEMUDD WIAN Unknown command.
There is an escape hatch in the floor here.
There is an escape hatch in the floor here.
You slide downwards.
The hatch slams shut behind you.
Unknown command.
You see here 16 poisoned needles.
e - 16 poisoned needles You now have 37 gold pieces (gained 14).
You now have 52 gold pieces (gained 15).
There is a stone staircase leading down here.
You climb downwards.
A hobgoblin and 3 orcs come into view.
There is a stone staircase leading up here.
Unknown command.
An orc comes into view. It is wielding a hand axe.
The helpless orc fails to defend itself.
You hit the orc. Your bite misses the orc. The orc hits you but does no damage.
The orc shouts!
The orc moves out of view.
There is a stone staircase leading up here.
You closely miss the hobgoblin.
The orc shouts! x2
Your bite misses the hobgoblin.
The orc throws a tomahawk.
The tomahawk closely misses you. The hobgoblin barely misses you.
You hit the hobgoblin but do no damage. You bite the hobgoblin.
You drain its power. The hobgoblin closely misses you.
The orc barely misses you. The hobgoblin barely misses you.
You climb upwards.
There is a stone staircase leading down here.
Unknown command.
You barely miss the hobgoblin.
You bite the hobgoblin, but do no damage.
The orc misses you.
The hobgoblin hits you but does no damage.
You hit the hobgoblin.
You kill the hobgoblin!
The orc misses you.
You hit the orc.
You kill the orc!
No target in view!
No target in view!
You climb downwards.
The orc hits you with a flail!
Ouch! That really hurt!
* * * LOW HITPOINT WARNING * * *
The orc closely misses you.
There is a stone staircase leading up, spattered with blood here.
You see here a tomahawk.
You take 8 damage, and have 3/11 hp.
MASSIVE DAMAGE!!
You now have 0/2 mp.
The orc hits you with a flail.
You die...

######
#..@o# ##
#.##<###..#
# #.oo...#
#.#.#..#
#......#
#......#
#..#..##
.....##
#.....


You could see 3 orcs.

Vanquished Creatures
  An orc (D:2)
  2 hobgoblins
  A goblin (D:1)
  A rat (D:1)
5 creatures vanquished.

Notes
Turn   | Place    | Note
--------------------------------------------------------------
     0 | D:1      | imoen the Vine Stalker Monk began the quest for the Orb.
     0 | D:1      | Reached XP level 1. HP: 11/11 MP: 2/2
   198 | D:3      | Slain by an orc

Action                   || total
-------------------------++-------
Melee: Unarmed           ||    13
       Bite              ||     2
 Stab: Sleeping          ||     3
Armor: Robe              ||     2
Dodge: Dodged            ||    10

Vault maps used:
D:1:      dpeg_arrival_shrine
D:2:      kennysheep_nondescript
D:3:      minmay_misc_feat_five, minmay_misc_feat_iff

Table legend:
 A = Turns spent in this place as a percentage of turns spent in the entire game.
 B = Non-inter-level travel turns spent in this place as a percentage of non-inter-level travel turns spent in the entire game.
 C = Inter-level travel turns spent in this place as a percentage of turns spent in this place.
 D = Turns resting spent in this place as a percentage of non-inter-level travel turns spent in this place.
 E = Turns spent auto-exploring this place as a percentage of non-inter-level travel turns spent in this place.
 F = Non-inter-level travel turns spent in this place divided by the number of levels of this place that you've seen.
                   A       B       C       D       E      F
               +-------+-------+-------+-------+-------+----------------------
         Total | 100.0 | 100.0 |   0.0 |   0.0 |   2.1 |  32.0
       Dungeon | 100.0 | 100.0 |   0.0 |   0.0 |   2.1 |  32.0
               +-------+-------+-------+-------+-------+----------------------

Table legend:
 A = Kills in this place as a percentage of kills in entire the game.
 B = Kills by you in this place as a percentage of kills by you in the entire game.
 C = Kills by friends in this place as a percentage of kills by friends in the entire game.
 D = Other kills in this place as a percentage of other kills in the entire game.
 E = Experience gained in this place as a percentage of experience gained in the entire game.
 F = Experience gained in this place divided by the number of levels of this place that you have seen.
                   A       B       C       D       E      F
               +-------+-------+-------+-------+-------+----------------------
         Total | 100.0 | 100.0 |  -nan |  -nan | 100.0 |   3.0
       Dungeon | 100.0 | 100.0 |  -nan |  -nan | 100.0 |   3.0
               +-------+-------+-------+-------+-------+----------------------
